 Dungeon Crawl Stone Soup version 0.31-a0-331-geda263fcf1 (webtiles) character file.

Game seed: 16682247804388732921

191 mopl the Changeling (level 5, -2/36 HPs)
             Began as an Octopode Shapeshifter on July 19, 2023.
             Slain by an ufetubus (5 damage)
             ... on level 3 of the Dungeon.
             The game lasted 00:03:02 (2277 turns).

mopl the Changeling (Octopode Shapeshifter)         Turns: 2277, Time: 00:03:02

Health: -2/36      AC:  1    Str: 14    XL:     5   Next: 70%
Magic:  5/5        EV: 14    Int: 10    God:
Gold:   135        SH:  0    Dex: 21    Spells: 4/4 levels left

rFire   . .          .
                       - Unarmed
rCold   . . .        (no shield)
rNeg    . . .        (helmet currently unavailable)
rPois   .            (no amulet)
rElec   .            g - +6 ring of dexterity
rCorr   .            m - +4 ring of slaying
SInv    .            (no ring)
Will    .....        (no ring)
Stlth   +++          (no ring)
HPRegen 0.26/turn    (no ring)
MPRegen 0.09/turn    (no ring)
                     (no ring)

%: no passive effects
@: beast-form
A: beast (slay +2), almost no armour, amphibious, 8 rings, camouflage 1,
gelatinous body 1, (nimble swimmer 1), tentacles
a: Begin Untransformation


You were on level 3 of the Dungeon.
You were a hulking beast.
You visited 1 branch of the dungeon, and saw 4 of its levels.

You collected 212 gold pieces.
You spent 77 gold pieces at shops.

Inventory:

Missiles
 u - 6 poisoned darts (quivered)
 w - 2 javelins
Jewellery
 g - a +6 ring of dexterity (left tentacle)
 m - a +4 ring of slaying (right tentacle)
Talismans
 b - a beast talisman
 q - a serpent talisman
Scrolls
 c - 2 scrolls of teleportation {unknown}
 d - 2 scrolls of identify {unknown}
 i - a scroll of fog {unknown}
 k - 2 scrolls of enchant armour {unknown}
 l - a scroll of fear {unknown}
 r - a scroll of poison {unknown}
 s - a scroll of acquirement {unknown}
 t - a scroll of butterflies {unknown}
 v - a scroll of silence {unknown}
Potions
 a - a potion of lignification {!q}
 e - a potion of haste {unknown}
 f - 3 potions of heal wounds {unknown}
 h - a potion of attraction {unknown}
 j - a potion of magic {unknown}
 n - a potion of experience {unknown}
 o - a potion of might
 p - 2 potions of curing


   Skills:
 + Level 2.8 Fighting
 + Level 2.8 Dodging
 * Level 3.7 Unarmed Combat
 * Level 3.9 Shapeshifting


You had 4 spell levels left.
You didn't know any spells.
Your spell library contained the following spells:

 Spells                   Type           Power      Damage    Failure   Level
 Freeze                   Ice            0%         1d3       36%         1
 Magic Dart               Conj           0%         1d3       36%         1
 Call Imp                 Summ           0%         N/A       50%         2
 Searing Ray              Conj           0%         2d4       50%         2
 Frozen Ramparts          Ice            0%         1d1       75%         3
 Hailstorm                Conj/Ice       0%         3d3       75%         3
 Mephitic Cloud           Conj/Pois/Air  0%         N/A       75%         3
 Fulminant Prism          Conj/Hex       0%         3d5       98%         4
 Summon Forest            Summ/Tloc      0%         N/A       100%        5
 Summon Mana Viper        Hex/Summ       0%         N/A       100%        5
 Summon Cactus Giant      Summ           0%         N/A       100%        6


Dungeon Overview and Level Annotations

Branches:
Dungeon (4/15)
 Temple: D:4-7

Altars:
Vehumet

Shops:
D:2 !


Innate Abilities, Weirdness & Mutations

You are a hulking beast.
Your limbs bulge with bestial killing power. (Slay +2)
You cannot wear most types of armour.
You are amphibious.
You can wear up to eight rings at the same time.
Your skin changes colour to match your surroundings (Stealth+).
Your rubbery body absorbs attacks. (AC +1, EV +1)
((You are camouflaged when in or above water. (Stealth+)))
You have tentacles for arms and can constrict up to eight enemies at once.


Message History

The ufetubus hits you. The ufetubus closely misses you.
The hound attacks as you move away! The hound barely misses you.
The ufetubus closely misses you. x2; The hound barely misses you.
There is a stone staircase leading up here.
The ufetubus hits you. The ufetubus closely misses you. The ufetubus hits you.
The ufetubus misses you. The hound bites you.
You climb upwards.
There is a stone staircase leading down here.
Unknown command.
You tentacle-slap the ufetubus. You grab the ufetubus.
The ufetubus is moderately wounded.
You constrict the ufetubus, but do no damage.
The ufetubus closely misses you. The ufetubus hits you.
The hound completely misses you. The ufetubus closely misses you.
The ufetubus hits you.
* * * LOW HITPOINT WARNING * * *
The hound misses you.
You feel better.
You constrict the ufetubus. The ufetubus misses you.
The ufetubus closely misses you. The hound bites you.
* * * LOW HITPOINT WARNING * * *
You tentacle-slap the hound. Your grab misses the hound.
The hound is lightly wounded.
You constrict the ufetubus. The ufetubus hits you.
* * * LOW HITPOINT WARNING * * *
The ufetubus closely misses you. The hound misses you.
The ufetubus barely misses you. The ufetubus hits you.
* * * LOW HITPOINT WARNING * * *
The hound misses you.
You tentacle-slap the hound. You grab the hound. You squeeze the hound.
The hound is heavily wounded.
You constrict the ufetubus. You constrict the hound. The ufetubus misses you.
The ufetubus barely misses you. The hound barely misses you.
You bludgeon the hound!
You kill the hound!
You constrict the ufetubus.
You kill the ufetubus!
You closely miss the ufetubus. Your grab misses the ufetubus.
The ufetubus barely misses you. The ufetubus closely misses you.
The ufetubus hits you.
You die...

....# ############
#.......... ....#
#.......... ....#
#.........< ...##
#..........
...###############
###########
.....#...........#
...#.#.#########.#
.#.#.#.........#†#
...#.#.##.####.#h#
.......##.####.#5#
.....#.........#.#
...###.##.######.#
##.# #.##...#....#
.#.###.####.#.####
##.....# #...#
######## #####


You could see an ufetubus.

Vanquished Creatures
  A howler monkey (D:4)
  A hound (D:3)
  Terence (D:3)
  5 adders
  2 ufetubi
  A worm (D:2)
  A dart slug (D:4)
  3 endoplasms
  A giant cockroach (D:4)
  6 goblins
  4 hobgoblins
  2 jackals (D:3)
  5 kobolds
  3 quokkas
  2 ball pythons
  2 bats
  A frilled lizard (D:2)
  3 rats
44 creatures vanquished.

Notes
Turn   | Place    | Note
-------+----------+-------------------------------------------
     0 | D:1      | mopl the Octopode Shapeshifter began the quest for the Orb.
     0 | D:1      | Reached XP level 1. HP: 14/14 MP: 1/1
   525 | D:1      | Reached XP level 2. HP: 19/19 MP: 2/2
   805 | D:2      | Reached XP level 3. HP: 23/24 MP: 3/3
   847 | D:2      | Found Ifip's Distillery.
   869 | D:2      | Bought a potion of might for 44 gold pieces
   869 | D:2      | Bought a potion of curing for 33 gold pieces
  1236 | D:2      | Reached XP level 4. HP: 30/30 MP: 4/4
  1390 | D:3      | Reached skill level 3 in Unarmed Combat
  1562 | D:3      | Found a radiant altar of Vehumet.
  1570 | D:3      | Noticed Terence
  1576 | D:3      | Killed Terence
  2070 | D:4      | Reached XP level 5. HP: 35/35 MP: 5/5
  2277 | D:3      | Slain by an ufetubus

Illustrated notes

Levels and vault maps discovered:
D:1:      spicycebolla_arrival_xxxplode, layout_basic
D:2:      layout_basic, serial_shops, shop
D:3:      layout_basic, amcnicky_altar_gilded, uniq_terence
D:4:      layout_gridville, serial_demonic, serial_demonic_c, serial_demonic_e,
          serial_demonic_f, serial_demonic_d, grunt_ministairs_9,
          guppyfry_early_lair_pool

Skill      XL: |  1  2  3  4 |
---------------+-------------+-----
Unarmed Combat | 3 |  3.7
Fighting       | |  2.8
Dodging        | |  2.8
Shapeshifting  | |  3.9

Action                     |  1- 3 |  4- 6 || total
---------------------------+-------+-------++-------
  Melee: Unarmed           |    35 |    39 ||    74
         Constrict         |     9 |    13 ||    22
         Tentacles         |     7 |     3 ||    10
         Punch             |       |     2 ||     2
    Use: Potion            |       |     1 ||     1
   Stab: Sleeping          |     8 |     5 ||    13
 Armour: Skin              |     2 |     3 ||     5
  Dodge: Dodged            |    15 |    40 ||    55

Table legend: (Time is in decaauts)
 A = Elapsed time spent in this place.
 B = Non-inter-level travel time spent in this place.
 C = Inter-level travel time spent in this place.
 D = Time resting spent in this place.
 E = Time spent auto-exploring this place.
 F = Levels seen in this place.
 G = Mean time per level.
                   A        B        C        D        E       F      G
               +--------+--------+--------+--------+--------+-----+--------+
         Total |   2272 |   2199 |     73 |     55 |   1813 |   4 |  568.0 |
       Dungeon |   2272 |   2199 |     73 |     55 |   1813 |   4 |  568.0 |
               +--------+--------+--------+--------+--------+-----+--------+

Top non-repeatable levels by time:
     D:3: 704 daAuts
     D:1: 660 daAuts
     D:2: 612 daAuts
     D:4: 294 daAuts
